 Dungeon Crawl Stone Soup version 0.17.2-1-ge4368a0 (webtiles) character file.

88 Goblin1989 the Insei (level 4, -1/35 HPs)
             Began as a Demonspawn Monk on Aug 5, 2016.
             Slain by a gnoll (6 damage)
             ... on level 3 of the Dungeon.
             The game lasted 00:03:07 (2544 turns).

Goblin1989 the Insei (Demonspawn Monk)              Turns: 2544, Time: 00:03:07

Health: -1/35      AC:  2    Str: 12    XL:     4   Next: 30%
Magic:  4/4        EV: 13    Int: 11    God:
Gold:   143        SH:  0    Dex: 16    Spells: 0 memorised, 3 levels left

rFire  . . .     SeeInvis .       - Unarmed
rCold  . . .     Clarity  .     a - +0 robe
rNeg   . . .     SustAt   .     (no shield)
rPois  .         Gourm    .     (no helmet)
rElec  .         Spirit   .     (no cloak)
rCorr  .         Warding  .     (no gloves)
rMut   .         Stasis   .     (no boots)
MR     .....                    (no amulet)
Stlth  ++........               (no ring)
                                (no ring)

@: not resistant to hostile enchantments, unstealthy
A: hooves 1
a: no special abilities


You were on level 3 of the Dungeon.
You were not hungry.

You visited 1 branch of the dungeon, and saw 3 of its levels.

You collected 143 gold pieces.

Inventory:

Armour
 a - a +0 robe (worn)
Jewellery
 j - an uncursed ring of wizardry {unknown}
 k - an uncursed ring of protection from cold {unknown}
Scrolls
 c - 3 scrolls of fog {unknown}
 d - a scroll of immolation {unknown}
 e - 3 scrolls of identify {unknown}
 f - a scroll of amnesia {unknown}
 i - 3 scrolls of remove curse {unknown}
 m - a scroll of blinking {unknown}
Potions
 g - a potion of beneficial mutation {unknown}
 n - a potion of agility {unknown}
Comestibles
 b - 4 bread rations
 h - 2 chunks of flesh
 l - a meat ration


   Skills:
 - Level 3.0 Fighting
 - Level 2.6 Dodging
 - Level 1.7 Stealth
 + Level 5.3 Unarmed Combat


You had 3 spell levels left.
You didn't know any spells.

Dungeon Overview and Level Annotations

Branches:
Dungeon (3/15)

Altars:
Elyvilon
Kikubaaqudgha
Sif Muna
Xom


Innate Abilities, Weirdness & Mutations

You have large cloven feet.


Message History

You kill the gnoll!
The gnoll barely misses you. The gnoll misses you.
The gnoll barely misses you. x2
You see here a gnoll corpse.
You closely miss the gnoll. Your kick misses the gnoll.
The gnoll barely misses you. x2
You closely miss the gnoll. The gnoll hits you!
* * * LOW HITPOINT WARNING * * *
You take 9 damage, and have 9/35 hp.
MASSIVE DAMAGE!!
You hit the gnoll. You kick the gnoll, but do no damage.
The gnoll is moderately wounded.
The gnoll hits you with a halberd.
* * * LOW HITPOINT WARNING * * *
The gnoll hits you.
* * * LOW HITPOINT WARNING * * *
You take 4 damage, and have 5/35 hp.
You closely miss the gnoll. You kick the gnoll, but do no damage.
The gnoll is moderately wounded.
The gnoll misses you. The gnoll hits you.
You die...

#.##.## #.
#.#...## ##.
#......##
.####..
##.......###.#
......_
#............#
.###..
##.......#####
##. ##.....##
#. ##.g)##
#.####. ##@##
#...... #g#
#.####. #.# #.
#.# #. #. #..
#.# #. ##. #.#
#. . #.# #. .#
#.####.
#.##.#.


You could see 2 gnolls.

Vanquished Creatures
  2 gnolls (D:3)
  3 adders (D:2)
  A worm (D:2)
  2 giant cockroaches (D:3)
  3 hobgoblins
  6 jackals
  A quokka (D:2)
  2 ball pythons
  A bat (D:1)
  2 giant newts
  5 goblins
  8 kobolds
  4 rats
40 creatures vanquished.

Notes
Turn   | Place    | Note
--------------------------------------------------------------
     0 | D:1      | Goblin1989 the Demonspawn Monk began the quest for the Orb.
     0 | D:1      | Reached XP level 1. HP: 18/18 MP: 1/1
   115 | D:1      | Reached skill level 4 in Unarmed Combat
   118 | D:1      | Gained mutation: You have large cloven feet. [demonic ancestry]
   118 | D:1      | Reached XP level 2. HP: 14/24 MP: 2/2
   491 | D:1      | Found an ancient bone altar of Kikubaaqudgha.
  1097 | D:2      | Reached XP level 3. HP: 9/29 MP: 3/3
  1932 | D:2      | Reached skill level 5 in Unarmed Combat
  2079 | D:2      | Found a deep blue altar of Sif Muna.
  2151 | D:2      | Found a shimmering altar of Xom.
  2354 | D:3      | Reached XP level 4. HP: 20/35 MP: 4/4
  2488 | D:3      | Found a white marble altar of Elyvilon.
  2544 | D:3      | Slain by a gnoll

Action                   |  1- 3 |  4- 6 || total
-------------------------+-------+-------++-------
Melee: Unarmed           |   141 |    13 ||   154
  Use: Potion            |     1 |       ||     1
 Stab: Sleeping          |     1 |       ||     1
  Eat: Chunk             |     3 |     1 ||     4
       Beef jerky        |     1 |       ||     1
